 Dungeon Crawl Stone Soup version 0.23.2-40-g277498a001 (webtiles) character file.

Game seed: 16826843572523922625

220 Descartes the Sneak (level 5, -1/24 HPs)
             Began as a Felid Wanderer on Oct 13, 2019.
             Slain by an orc
             ... wielding a +0 dagger
              (3 damage)
             ... on level 3 of the Dungeon.
             The game lasted 00:05:28 (4631 turns).

Descartes the Sneak (Felid Wanderer)                Turns: 4631, Time: 00:05:29

Health: -1/24      AC:  1    Str:  9    XL:     5   Next: 64%
Magic:  0/7        EV: 19    Int: 14    God:
Gold:   80         SH:  0    Dex: 15    Spells: 6/6 levels left
                                        Lives:  0   Deaths: 1

rFire    . . .     SeeInvis +     - Unarmed
rCold    . . .     Gourm    .   (shield unavailable)
rNeg     . . .     Faith    .   (armour unavailable)
rPois    .         Spirit   +   (helmet unavailable)
rElec    .         Reflect  .   (cloak unavailable)
rCorr    .         Harm     .   (gloves unavailable)
MR       .....                  (boots unavailable)
Stlth    ++++......             o - amulet of guardian spirit
HPRegen  0.08/turn              (no ring)
MPRegen  0.10/turn              (no ring)

@: quick
A: very small, no armour, no weapons or thrown items, stealth, claws 1, fangs 3,
see invisible, carnivore, speed 1, shaggy fur 1, slow metabolism 1, sharp paws
a: no special abilities


You were on level 3 of the Dungeon.
You were completely stuffed.

You visited 1 branch of the dungeon, and saw 3 of its levels.

You collected 80 gold pieces.

Inventory:

Missiles
 h - 147 stones
 k - 24 arrows
Jewellery
 o - an amulet of guardian spirit (around neck)
Scrolls
 b - a scroll of blinking
 d - a scroll of teleportation
 g - 2 scrolls of enchant armour {unknown}
 i - a scroll of fear {unknown}
 j - a scroll of immolation {unknown}
 l - 2 scrolls of identify {unknown}
 n - a scroll of enchant weapon {unknown}
 p - a scroll of magic mapping {unknown}
 q - a scroll of remove curse {unknown}
Potions
 a - a potion of berserk rage
 c - a potion of lignification
 e - 2 potions of might {unknown}
 m - 2 potions of flight {unknown}
 s - a potion of resistance {unknown}
 t - a potion of heal wounds {unknown}
Comestibles
 f - 3 rations
 r - 2 chunks of flesh


   Skills:
 + Level 3.5 Fighting
 * Level 4.2 Dodging
 * Level 5.9 Stealth
 * Level 4.3 Unarmed Combat
 + Level 1.1 Spellcasting


You had 6 spell levels left.
You didn't know any spells.
Your spell library was empty.

Dungeon Overview and Level Annotations

Branches:
Dungeon (3/15)

Altars:


Innate Abilities, Weirdness & Mutations

You cannot wear armour.
You are incapable of wielding weapons or throwing items.
Your paws allow you to move quietly. (Stealth)
You have sharp claws.
You have razor-sharp teeth.
You have supernaturally acute eyesight. (SInv)
You are carnivorous and can eat meat at any time.
You cover ground quickly.
You are covered in fur. (AC +1)
You have a slow metabolism.
Your sharp claws are effective at attacking unaware monsters.


Message History

You completely miss the orc priest.
You bite the orc priest, but do no damage.
The orc priest hits you with a +0 short sword.
You barely miss the orc priest. Your claw misses the orc priest.
You hear an angry hiss.
The orc priest barely misses you.
You scratch the orc priest but do no damage.
The orc priest completely misses you.
You scratch the orc priest but do no damage.
The orc priest mumbles some strange prayers to Beogh against you.
Beogh smites you!
* * * LOW HITPOINT WARNING * * *
You closely miss the orc priest. You scratch the orc priest.
The orc priest is moderately wounded.
The orc priest misses you. The orc completely misses you.
The orc priest looks encouraged for a moment.
There is a stone staircase leading up here.
The orc hits you with a +0 dagger.
You die...

#...#...#...###.###..#
..$.........o...#...##
###################.###.###
.........#..### #.##....#
####.###......###.#..#### #.#
##.##...##...## #.# #..#.....og##
#.# ##.......o## #.#
##.÷...@.######
#.######...)........#
#.##).)........####.##########
####.#.)####.>......##..#.>......
......)#####.######.....#........
####..####...# ####...........
...##.###..### ####........
##..#.##..## #........
###).÷.#.## #........


You could see an orc priest, an orc and a hobgoblin.

Vanquished Creatures
  A phantom (D:2)
  An orc priest (D:3)
  Jessica (D:2)
  4 adders
  3 gnolls (D:3)
  2 dart slugs
  A leopard gecko (D:1)
  2 orcs (D:3)
  A ball python (D:2)
  A giant cockroach (D:1)
  10 goblins
  8 hobgoblins
  3 kobolds
  A quokka (D:3)
  9 bats
  6 frilled lizards
  5 rats
59 creatures vanquished.

Notes
Turn   | Place    | Note
-------+----------+-------------------------------------------
     0 | D:1      | Descartes the Felid Wanderer began the quest for the Orb.
     0 | D:1      | Descartes set off with the following items: a potion of
                  | berserk rage, a scroll of blinking, a potion of
                  | lignification, a scroll of teleportation, a ration
     0 | D:1      | Reached XP level 1. HP: 10/10 MP: 2/2
   483 | D:1      | Reached XP level 2. HP: 8/14 MP: 3/3
  1373 | D:1      | Reached XP level 3. HP: 10/17 MP: 4/4
  1941 | D:2      | Noticed a phantom
  2222 | D:2      | Noticed Jessica
  2235 | D:2      | Killed Jessica
  2235 | D:2      | Reached skill level 5 in Stealth
  2235 | D:2      | Reached XP level 4. HP: 3/21 MP: 5/5
  2491 | D:2      | Slain by a phantom
  2492 | D:2      | Reached XP level 3. HP: -2/17 MP: 4/4
  2982 | D:2      | Killed a phantom
  2982 | D:2      | Reached XP level 4. HP: 4/21 MP: 1/6
  3571 | D:3      | Reached XP level 5. HP: 18/24 MP: 5/7
  4241 | D:3      | Reached skill level 1 in Spellcasting
  4624 | D:3      | HP: 1/24 [orc priest/divine providence (10)]
  4631 | D:3      | Slain by an orc

Skill      XL: |  1  2  3  4  5 |
---------------+----------------+-----
Dodging        | 2 3 4 |  4.2
Stealth        | 5 |  5.9
Unarmed Combat | 4 |  4.3
Spellcasting   | 1 |  1.1
Fighting       | |  3.5

Action                   |  1- 3 |  4- 6 || total
-------------------------+-------+-------++-------
Melee: Unarmed           |   134 |    78 ||   212
       Bite              |    10 |     9 ||    19
       Punch             |     1 |       ||     1
 Stab: Sleeping          |     3 |     3 ||     6
  Eat: Chunk             |    14 |     6 ||    20
Armor: Skin              |    10 |     8 ||    18
Dodge: Dodged            |   116 |    89 ||   205
